 Dungeon Crawl Stone Soup version 0.29.0-4-gdea44cf6ec (webtiles) character file.

Game seed: 4327649293449925552

822 Norrock the Purveyor of Pain (level 7, 0/48 HPs)
             Began as a Demonspawn Necromancer on Aug 28, 2022.
             Was an Initiate of Kikubaaqudgha.
             Slain by Menkaure (6 damage)
             ... on level 5 of the Dungeon.
             The game lasted 00:45:15 (6232 turns).

Norrock the Purveyor of Pain (DsNe)                 Turns: 6232, Time: 00:45:16

Health: 0/48       AC:  5    Str:  9    XL:     7   Next: 63%
Magic:  11/11      EV: 15    Int: 18    God:    Kikubaaqudgha [......]
Gold:   262        SH:  0    Dex: 13    Spells: 1/12 levels left

rFire   . . .      SeeInvis .   o - +0 trident
rCold   . . .      Faith    .   (no shield)
rNeg    . . .      Spirit   .   a - +0 robe
rPois   .          Reflect  .   (no helmet)
rElec   .          Harm     .   f - +2 cloak
rCorr   .          Rampage  .   (no gloves)
Will    .....                   (no boots)
Stlth   ++........              (no amulet)
HPRegen 0.16/turn               (no ring)
MPRegen 0.24/turn               (no ring)

@: marked, attractive, animating dead, invisible
A: repulsion field 2, ignite blood 1, magic regeneration, demonic touch 1
a: Renounce Religion


You were on level 5 of the Dungeon.
You worshipped Kikubaaqudgha.
Kikubaaqudgha was noncommittal.
You visited 2 branches of the dungeon, and saw 7 of its levels.

You collected 262 gold pieces.

Inventory:

Hand Weapons
 d - a +0 dagger
 o - a +0 trident (weapon)
 s - a +2 long sword of holy wrath
 v - a +2 mace of protection
Missiles
 i - a throwing net
Armour
 a - a +0 robe (worn)
 f - a +2 cloak (worn)
Magical Staves
 z - a staff of conjuration
Wands
 A - a wand of charming (9)
Scrolls
 g - 3 scrolls of poison
 k - 5 scrolls of identify
 m - a scroll of teleportation {unknown}
 p - 2 scrolls of enchant weapon
 r - a scroll of immolation {unknown}
 w - 2 scrolls of enchant armour {unknown}
 x - a scroll of vulnerability {unknown}
 y - a scroll of summoning {unknown}
 B - a scroll of fog {unknown}
 D - a scroll of amnesia {unknown}
 E - a scroll of brand weapon {unknown}
Potions
 b - a potion of magic
 c - a potion of ambrosia {unknown}
 e - a potion of lignification
 h - a potion of brilliance {unknown}
 j - a potion of attraction
 q - a potion of invisibility
 t - a potion of mutation {unknown}
 u - 2 potions of curing {unknown}
 C - a potion of degeneration {unknown}


   Skills:
 - Level 1.0 Fighting
 - Level 4.5 Polearms
 - Level 1.7 Dodging
 - Level 1.7 Stealth
 + Level 3.1 Spellcasting
 + Level 7.9 Necromancy
 + Level 0.7 Earth Magic


You had one spell level left.
You knew the following spells:

 Your Spells              Type           Power      Damage    Failure   Level
a - Necrotise             Necr           100%       1d9       1%          1
b - Vampiric Draining     Necr           31%        2d8       1%          3
c - Stone Arrow           Conj/Erth      8%         3d7       38%         3
d - Animate Dead          Necr           31%        N/A       6%          4

Your spell library contained the following spells:

 Spells                   Type           Power      Damage    Failure   Level
 Sandblast                Erth           10%        2d5       12%         1
 Agony                    Necr           31%        N/A       17%         5
 Passwall                 Tmut/Erth      3%         N/A       22%         2
 Gell's Gravitas          Tloc           2%         N/A       43%         3
 Teleport Other           Tloc           2%         N/A       43%         3
 Leda's Liquefaction      Hex/Erth       2%         N/A       80%         4
 Lee's Rapid Deconstruct  Erth           2%         3d6*      97%         5
 Dispersal                Tloc           1%         N/A       100%        6
 Statue Form              Tmut/Erth      2%         N/A       100%        6


Dungeon Overview and Level Annotations

Branches:
Dungeon (6/15)             Temple (1/1) D:5

Altars:
Ashenzari
Cheibriados
Gozag
Kikubaaqudgha
Nemelex Xobeh
Qazlal
Sif Muna
Uskayaw
Vehumet
Wu Jian
Yredelemnul

Annotations:
D:5 Menkaure


Innate Abilities, Weirdness & Mutations

You are surrounded by a moderate repulsion field. (EV +3)
Your demonic aura sometimes causes spilled blood to erupt in flames.
You regenerate magic rapidly.
Your touch may inflict minor irresistible damage on your foes.


Message History

As you read the scroll of blinking, it crumbles to dust.
Your adder zombie bites the adder.
The adder bites you. Menkaure misses you.
Your adder zombie barely misses the adder.
The adder bites you. The adder completely misses you.
You climb upwards.
Your mindless puppet stays behind to rot.
There is a stone staircase leading down here.
You barely miss the adder.
The adder is heavily wounded.
The adder barely misses you. Menkaure closely misses you.
You hit the adder.
The adder is severely wounded.
The adder bites you.
* * * LOW HITPOINT WARNING * * *
The adder closely misses you.
Menkaure calls on the powers of darkness!
Your body is wracked with pain!
* * * LOW HITPOINT WARNING * * *
The adder convulses!
You hit the adder.
You kill the adder!
Kikubaaqudgha accepts your kill.
The dead are slithering!
Okay, then.
Okay, then.
It was a potion of attraction.
You feel attractive to monsters. Menkaure misses you.
You swap places.
Menkaure calls on the powers of darkness!
Your body is wracked with pain!
* * * LOW HITPOINT WARNING * * *
Your adder zombie barely misses Menkaure.
Your adder zombie bites Menkaure but does no damage.
It was a potion of invisibility.
You fade into invisibility!
Your adder zombie bites Menkaure.
Menkaure hits you.
You die...
Kikubaaqudgha rasps: "You have failed me!
Welcome... death!"

#.....)# ####.......
#......#########.......##.
#....................####.
#......########.####.####'
#......# ####.# #.##...
#####.## #....# #.##.##
#.# ##.#### #..'.'>
#.#####..# #..#.##
#.##.@..## ######...
#.##M#########....###'
#.#Z..................
#.############........
######.# #........
#......# #........
###.##### #........
#......# #........
#.#.#..# #........


You could see Menkaure (ally target) and a friendly adder zombie.

Vanquished Creatures
  Sigmund (D:2)
  A steam dragon (D:4)
  An ogre (D:4)
  5 iguanas
  Natasha (twice) (D:2)
  10 gnolls
  9 adders
  A dart slug (D:4)
  11 orcs
  4 ball pythons
  5 endoplasms
  6 giant cockroaches
  2 goblins
  5 hobgoblins
  5 jackals
  5 kobolds
  2 quokkas
  8 bats
  3 frilled lizards
  6 rats
92 creatures vanquished.

Vanquished Creatures (collateral kills)
  Natasha (D:2)
  An endoplasm (D:3)
  2 ball pythons
  A frilled lizard (D:1)
5 creatures vanquished.

Grand Total: 97 creatures vanquished

Notes
Turn   | Place    | Note
-------+----------+-------------------------------------------
     0 | D:1      | Norrock the Demonspawn Necromancer began the quest for the
                  | Orb.
     0 | D:1      | Reached XP level 1. HP: 13/13 MP: 3/3
   390 | D:1      | Gained mutation: You are surrounded by a mild repulsion
                  | field. (EV +2) [demonic ancestry]
   390 | D:1      | Reached XP level 2. HP: 16/19 MP: 3/5
   709 | D:1      | Found a faded altar of an unknown god.
  1007 | D:2      | Gained mutation: You regenerate magic rapidly. [demonic
                  | ancestry]
  1007 | D:2      | Reached XP level 3. HP: 24/24 MP: 2/7
  1064 | D:2      | Reached skill level 5 in Necromancy
  1470 | D:2      | Gained mutation: You are surrounded by a moderate repulsion
                  | field. (EV +3) [demonic ancestry]
  1470 | D:2      | Reached XP level 4. HP: 26/31 MP: 4/8
  1474 | D:2      | Learned a level 3 spell: Vampiric Draining
  1913 | D:3      | Noticed Natasha
  2077 | D:2      | Killed Natasha
  2078 | D:2      | Reached skill level 1 in Fighting
  2100 | D:2      | Noticed Natasha
  2108 | D:2      | Killed Natasha
  2109 | D:2      | Reached skill level 1 in Polearms
  2266 | D:2      | Noticed Natasha
  2273 | D:2      | Killed Natasha
  2274 | D:2      | Gained mutation: Your touch may inflict minor irresistible
                  | damage on your foes. [demonic ancestry]
  2274 | D:2      | Reached XP level 5. HP: 20/37 MP: 3/9
  2587 | D:3      | Noticed Sigmund
  3146 | D:2      | Killed Sigmund
  3147 | D:2      | Reached skill level 6 in Necromancy
  3147 | D:2      | Reached XP level 6. HP: 39/43 MP: 4/10
  3939 | D:4      | Reached skill level 7 in Necromancy
  4188 | D:4      | Gained mutation: Your demonic aura sometimes causes spilled
                  | blood to erupt in flames. [demonic ancestry]
  4188 | D:4      | Reached XP level 7. HP: 48/48 MP: 8/11
  4218 | D:4      | Found an ornate altar of the Wu Jian Council.
  4265 | D:4      | Noticed a steam dragon
  4734 | D:4      | Found a stormy altar of Qazlal.
  4943 | D:4      | Killed a steam dragon
  5277 | D:5      | Entered Level 5 of the Dungeon
  5328 | D:5      | Learned a level 3 spell: Stone Arrow
  5403 | D:5      | Found a staircase to the Ecumenical Temple.
  5410 | Temple   | Entered the Ecumenical Temple
  5554 | Temple   | Became a worshipper of Kikubaaqudgha
  5560 | Temple   | Learned a level 4 spell: Animate Dead
  6107 | D:5      | Found a sparkling altar of Nemelex Xobeh.
  6212 | D:6      | Noticed Menkaure
  6221 | D:6      | HP: 2/48 [Menkaure (15)]
  6232 | D:5      | Slain by Menkaure

Illustrated notes

Levels and vault maps discovered:
D:1:      co_arrival_square_in_a_square_in_a_square, layout_loops_ring,
          chequers_ecumenical_altar_simple_redux
D:2:      layout_basic
D:3:      wander_river, layout_loops_ring, uniq_natasha, uniq_sigmund
D:4:      layout_gridville, mainiacjoe_overflow_brackets,
          nicolae_wu_jian_immortal_techniques, hangedman_decor_diamond_cutter,
          serial_bayou_pond_e, hangedman_abyss_or_decor_slice,
          patterned_corridor
D:5:      layout_basic, nemelex_xobeh_ov_fountains_minmay,
          minmay_temple_entry_glassed_door
D:6:      cheibrodos_fzero, layout_loops_ring, mainiacjoe_overflow_catwalk,
          serial_shops, nicolae_shop_stone, uniq_eustachio, uniq_menkaure,
          uniq_maggie
Temple:   dpeg_chambers_temple

Skill      XL: |  1  2  3  4  5  6  7 |
---------------+----------------------+-----
Spellcasting   | 3 |  3.1
Necromancy     | 5 6 7 |  7.9
Fighting       | 1 |  1.0
Polearms       | 1 2 3 4 |  4.5
Dodging        | |  1.7
Stealth        | |  1.7
Earth Magic    | |  0.7

Action                   |  1- 3 |  4- 6 |  7- 9 || total
-------------------------+-------+-------+-------++-------
Melee: Dagger            |    25 |       |       ||    25
       Unarmed           |     2 |       |       ||     2
       Trident           |    19 |   106 |    57 ||   182
       Punch             |       |     1 |       ||     1
       Touch             |       |     3 |     6 ||     9
 Cast: Necrotise         |    35 |    48 |    24 ||   107
       Animate Dead      |       |       |     1 ||     1
  Use: Scroll            |     2 |     3 |     1 ||     6
       Potion            |     1 |     1 |     3 ||     5
 Stab: Sleeping          |     5 |     3 |     3 ||    11
Armor: Robe              |    14 |    23 |    14 ||    51
Dodge: Dodged            |    46 |    67 |    41 ||   154
